 Dungeon Crawl Stone Soup version 0.16-a0-3943-gb4b81e6 (webtiles) character file.

205554 abixa the Brawler (level 18, -11/123 HPs)
             Began as a Troll Monk on Feb 8, 2015.
             Was the Champion of Makhleb.
             Mangled by a white very ugly thing (17 damage)
             ... on level 1 of the Abyss.
             The game lasted 04:47:56 (42031 turns).

abixa the Brawler (Troll Monk)                     Turns: 42031, Time: 04:47:56

Health: -11/123    AC: 23    Str: 20    XL:     18   Next: 4%
Magic:  25/25      EV: 13    Int: -2    God:    Makhleb [******]
Gold:   3001       SH: 12    Dex: 21    Spells: 0 memorised, 17 levels left

rFire  x . .     SeeInvis +       - Unarmed
rCold  + + .     Rnd*Rage +     v - +8 ice dragon armour of Watchfulness {rF- rC++ Int-4 Dex+7}
rNeg   . . .     SustAb   +     u - +0 shield
rPois  .         Gourm    +     (helmet restricted)
rElec  .         Spirit   .     U - +2 cloak
rCorr  .         Warding  .     (gloves unavailable)
rMut   .         Rnd*Tele +     (boots unavailable)
MR     +....                    d - amulet of faith
Stlth  ..........               F - ring of sustain abilities
                                M - ring of see invisible

@: exhausted, slowed, lost intelligence, very slow, somewhat resistant to
hostile enchantments, extremely unstealthy
A: unfitting armour, claws 3, berserk 3, blurry vision 3, clumsy 2, deformed
body, deterioration 3, dopey 2, fast metabolism 3, frail 3, gourmand, low mp 2,
regeneration 2, screaming 2, shaggy fur 1, slow healing 2, teleportitis 3, tough
skin 2, weak 2, no device heal 1, placid magic 2, MP-powered wands 3
a: Minor Destruction, Lesser Servant of Makhleb, Major Destruction, Greater
Servant of Makhleb, Renounce Religion
}: 1/15 runes: barnacled


You were on level 1 of the Abyss.
You worshipped Makhleb.
Makhleb was exalted by your worship.
You were not hungry.

You visited 8 branches of the dungeon, and saw 36 of its levels.
You visited the Abyss 3 times.

You collected 4479 gold pieces.
You spent 1478 gold pieces at shops.

Inventory:

Hand weapons
 b - the +9 blowgun of Stuyzaem {speed, Str+4 Int+5}
   (You found it on level 2 of the Elven Halls)

   Attacks with this weapon are significantly faster.
   It affects your strength (+4).
   It affects your intelligence (+5).
Missiles
 r - 9 curare-tipped needles
 A - 2 needles of slowing
 B - 14 large rocks (quivered)
 L - 6 needles of sleeping
 T - 113 poisoned needles
Armour
 c - a +2 robe of fire resistance
 u - a +0 shield (worn)
 v - the +8 ice dragon armour of Watchfulness (worn) {rF- rC++ Int-4 Dex+7}
   (You bought it in a shop on level 9 of the Dungeon)

   It affects your intelligence (-4).
   It affects your dexterity (+7).
   It makes you vulnerable to fire.
   It greatly protects you from cold.
 I - a +1 robe of magic resistance
 U - a +2 cloak (worn)
Jewellery
 a - an uncursed ring of ice
 d - an amulet of faith (around neck)
 w - a cursed amulet of inaccuracy {unknown}
 F - a ring of sustain abilities (right claw)
 H - an uncursed amulet of the gourmand {unknown}
 M - a ring of see invisible (left claw)
Magical devices
 l - a wand of fireball (4)
 s - a wand of draining (9)
 x - a wand of cold (7)
 D - a wand of disintegration (4)
 G - a wand of lightning (7)
 K - a wand of fireball (2)
Scrolls
 e - 5 scrolls of magic mapping
 f - a scroll of blinking
 j - 3 scrolls of fear
 k - 15 scrolls of remove curse {unknown}
 m - 7 scrolls of teleportation
 P - 2 scrolls of summoning
 Q - 6 scrolls of fog
 R - a scroll of identify
Potions
 h - 2 potions of resistance
 o - a potion of cancellation
 p - 12 potions of curing
 q - 2 potions of haste
 z - 5 potions of heal wounds
 C - 3 potions of might
 J - 4 potions of agility
 O - 5 potions of invisibility
Books
 i - the Collected Works on the Entourage
   (You found it on level 1 of the Vaults)

   Spells                             Type                      Level
   a - Call Imp                       Summoning                    2
   b - Abjuration                     Summoning                    3
   c - Call Canine Familiar           Summoning                    3
   d - Shadow Creatures               Summoning                    5
   e - Summon Demon                   Summoning                    5
   f - Dragon's Call                  Summoning                    9
Miscellaneous
 g - a fan of gales
 t - a phial of floods
 y - a fan of gales
 E - a sack of spiders
 V - a sack of spiders
Comestibles
 n - 23 bread rations
 S - 17 fruits


   Skills:
 + Level 10.4 Fighting
 - Level 12.0 Armour
 - Level 8.2 Dodging
 - Level 1.1 Stealth
 - Level 9.0 Shields
 + Level 17.1 Unarmed Combat
 + Level 15.3 Invocations


You had 17 spell levels left.
You didn't know any spells.

Dungeon Overview and Level Annotations

Branches:
Dungeon (14/15)            Temple (1/1) D:4            Lair (8/8) D:9
 Shoals (5/5) Lair:5       Spider (1/5) Lair:4        Slime (0/6) Lair:7
    Orc (4/4) D:10            Elf (2/3) Orc:3        Vaults (1/5) D:14

Altars:
Ashenzari
Cheibriados
Dithmenos
Elyvilon
Fedhas
Gozag
Kikubaaqudgha
Makhleb
Nemelex Xobeh
Okawaru
Qazlal
Ru
Sif Muna
Trog
Vehumet
Xom
Yredelemnul
Zin
The Shining One
Beogh
Jiyva

Shops:
D:5 [   D:9 [   D:10 *   Orc:2 [   Orc:4 ([*:   Shoals:2 *

Annotations:
Lair:1 exclusion: oklob plant
Shoals:4 !javelins
Shoals:5 !javelins
Elf:2 3 runed doors, exclusions: 3 doors and 2 more exclusions


Innate Abilities, Weirdness & Mutations

You are too large for most types of armour.
You have claws for hands.
Your metabolism is lightning-fast.
You like to eat raw meat.
You heal very quickly.
You are covered in fur (AC +1).
You have very tough skin (AC +2).
[You have an uncontrollable temper.]
[Scrolls take you much longer to read.]
[You are very clumsy. (Dex -4)]
[Armour fits poorly on your strangely shaped body.]
[Your body is rapidly deteriorating.]
[You are very dopey. (Int -4)]
[You are extremely frail (-30% HP).]
[Your magical capacity is very low (-20% MP).]
[You sometimes yell uncontrollably at your foes.]
[You do not heal naturally when monsters are visible.]
[Space frequently distorts in your vicinity.]
[You are very weak. (Str -4)]
[Potions and wands are less effective at restoring your health.]
[Your spells are easier to cast, but less powerful.]
[You expend magic power (9 MP) to make your wands much stronger.]


Message History

* * * LOW HITPOINT WARNING * * *
Read which item? (? for menu, Esc to quit)
Okay, then.
Unknown command.
Unknown command.
Read which item? (? for menu, Esc to quit)
Keep reading the scroll?
You stop reading the scroll.
The white very ugly thing headbutts you but does no damage.
The white very ugly thing headbutts you!
* * * LOW HITPOINT WARNING * * *
The white very ugly thing freezes you! You resist.
* * * LOW HITPOINT WARNING * * *
The white very ugly thing misses you.
Drink which item? (? for menu, Esc to quit)
You feel much better.
The white very ugly thing headbutts you!
* * * LOW HITPOINT WARNING * * *
The white very ugly thing freezes you! You resist.
You die...

.## ... ####
#.. #...#..#
#...... .
#..... ..#
#...u# ...#
#...@##....#
#..........#
#..........#
#..........#
#..........#
########'''#
.... .


You could see a white very ugly thing.

Vanquished Creatures
  A tentacled starspawn (Abyss:1)
  Donald (Shoals:3)
  Maud (Lair:3)
  A very ugly thing (Abyss:1)
  2 ironheart preservers (Vaults:1)
  A stone giant (Vaults:1)
  5 merfolk javelineers
  A deep elf death mage (Vaults:1)
  A yaktaur captain (Vaults:1)
  3 merfolk impalers
  Josephine (Orc:3)
  A green death (Abyss:1)
  A fire dragon (Lair:8)
  Fannar (Orc:3)
  An ice dragon (Vaults:1)
  Harold (D:11)
  7 hydras
  Nessos (Shoals:2)
  A centaur warrior (Vaults:1)
  6 merfolk avatars
  2 rakshasas
  2 alligator snapping turtles (Shoals:5)
  An anaconda (shapeshifter) (Vaults:1)
  4 ogre magi (Vaults:1)
  4 merfolk aquamancers
  A satyr (Shoals:2)
  2 dancing weapons (Elf:2)
  7 death yaks
  An orc high priest (Elf:2)
  2 shock serpents (Vaults:1)
  A soul eater (D:11)
  Nergalle (Abyss:1)
  A wretched star (Abyss:1)
  3 deep elf knights
  18 sea snakes
  5 deep elf summoners
  5 hill giants
  A wizard (D:14)
  5 harpies
  2 lindwurms
  A giant orange brain (Vaults:1)
  2 orc knights
  4 deep elf conjurers
  8 manticores
  4 wolf spiders
  3 ironbrand convokers (Vaults:1)
  2 oklob plants
  4 griffons
  8 ugly things
  5 orb spiders (Spider:1)
  A water nymph (Shoals:4)
  3 slime creatures (D:14)
  2 cyclopes
  5 orc sorcerers
  A necromancer (D:14)
  7 elephants
  12 sirens
  Maurice (D:11)
  3 worldbinders
  A naga mage (Vaults:1)
  8 fauns
  4 black mambas
  Joseph (Orc:2)
  10 spiny frogs
  A torpor snail (Lair:4)
  A smoke demon (Abyss:1)
  3 kobold demonologists
  5 fire drakes
  7 komodo dragons
  4 yaktaurs
  4 vault sentinels (Vaults:1)
  3 deep elf priests
  An ancient zyme (Abyss:1)
  3 demonic crawlers (Spider:1)
  3 wind drakes
  A polar bear (Lair:3)
  3 trolls
  6 jumping spiders
  25 merfolk
  Grinder (D:3)
  A trapdoor spider zombie (D:9)
  20 snapping turtles
  A boulder beetle (Lair:8)
  8 two-headed ogres
  A raiju (Abyss:1)
  2 ynoxinuls (Abyss:1)
  14 blink frogs
  4 basilisks
  11 redbacks
  2 starcursed masses (Abyss:1)
  45 yaks
  4 trapdoor spiders
  16 deep elf magi
  A fire elemental (Lair:1)
  5 wraiths
  12 humans
  3 fire bats (Abyss:1)
  8 tarantellas
  6 water elementals
  2 spriggans (Lair:3)
  A shadow (D:12)
  10 deep elf fighters
  A golden eye (Abyss:1)
  A vampire (D:14)
  Grum (D:11)
  15 hippogriffs
  2 large abominations (Abyss:1)
  3 steam dragons
  14 vampire mosquitoes
  An insubstantial wisp (Abyss:1)
  A warg (Orc:4)
  Edmund (D:4)
  15 wolves
  A mottled dragon (D:14)
  12 water moccasins
  A soldier ant (D:12)
  14 porcupines
  12 spiders (Spider:1)
  A swamp drake (Lair:8)
  5 boggarts (Vaults:1)
  3 black bears
  7 ice beasts
  21 ogres
  26 orc warriors
  2 phantoms
  2 sky beasts
  2 big kobolds (D:12)
  17 centaurs
  7 small abominations (Abyss:1)
  Sigmund (Lair:4)
  A brain worm (Lair:7)
  A boring beetle (Lair:8)
  17 giant frogs
  9 crocodiles
  A wyvern zombie (D:14)
  A gnoll sergeant (D:6)
  3 killer bees (D:10)
  7 scorpions
  15 wights
  A warg skeleton (Orc:4)
  A lava snake (Lair:1)
  2 quasits (D:11)
  20 orc priests
  6 crimson imps
  3 giant frog zombies (D:9)
  3 jellies
  4 centaur skeletons
  18 hounds
  10 iguanas
  4 electric eels
  A gnoll shaman (D:6)
  An iron imp (D:11)
  19 orc wizards
  6 hell rats
  4 giant frog skeletons
  10 worker ants
  Natasha (thrice) (D:6)
  3 killer bee zombies
  16 sheep
  Ijyb (Lair:4)
  A mummy (D:8)
  A hound skeleton (D:9)
  Terence (D:2)
  A hound zombie (D:7)
  Robin (D:3)
  12 gnolls
  40 river rats
  21 adders
  2 shadow imps
  2 giant mites
  7 ufetubi
  2 worms
  An adder zombie (D:5)
  2 adder skeletons
  5 giant geckos
  4 oozes
  156 orcs
  23 bats
  5 giant cockroaches
  27 hobgoblins
  7 jackals
  23 kobolds
  9 quokkas
  3 ball pythons
  A giant gecko skeleton (D:4)
  2 giant newts
  28 goblins
  A hobgoblin zombie (Orc:4)
  A jackal skeleton (D:9)
  A quokka skeleton (D:7)
  23 rats
  A spectral orc (D:2)
  10 plants
1258 creatures vanquished.

Vanquished Creatures (collateral kills)
  Mara (Shoals:3)
  A bone dragon (Abyss:1)
  Rupert (Lair:5)
  Ilsuiw (Shoals:5)
  A very ugly thing (Abyss:1)
  A deep elf demonologist (Elf:1)
  3 merfolk javelineers (Shoals:5)
  A merfolk impaler (Shoals:1)
  An ice dragon (Vaults:1)
  3 merfolk aquamancers (Shoals:5)
  2 merfolk avatars
  A satyr (Shoals:5)
  2 wretched stars (Abyss:1)
  3 sea snakes (Shoals:5)
  4 manticores
  7 harpies (Shoals:1)
  A faun (Shoals:2)
  2 griffons (Shoals:1)
  A wolf spider (Spider:1)
  2 elephants
  A large abomination (Abyss:1)
  A siren (Shoals:5)
  A smoke demon (Abyss:1)
  A komodo dragon (Lair:5)
  3 orange demons
  A gargoyle (D:10)
  A fire drake (Lair:8)
  8 merfolk
  A blue devil (Elf:2)
  A snapping turtle (Shoals:5)
  3 blink frogs (Lair:6)
  2 raiju (Abyss:1)
  A boulder beetle (Lair:8)
  A redback (Spider:1)
  A basilisk (Lair:6)
  2 water elementals (Shoals:1)
  3 trapdoor spiders
  A starcursed mass (Abyss:1)
  An air elemental (Vaults:1)
  A fire elemental (Abyss:1)
  A tarantella (Spider:1)
  A yak (D:10)
  A hungry ghost (D:10)
  A fire bat (Abyss:1)
  3 golden eyes (Abyss:1)
  A deep elf mage (Elf:2)
  A neqoxec (Abyss:1)
  3 hippogriffs
  A wolf (Lair:5)
  3 sky beasts (Vaults:1)
  A centaur (Shoals:5)
  A crocodile (Lair:6)
  2 small abominations (Abyss:1)
  A killer bee (D:10)
  An iguana (Lair:8)
  2 river rats (Lair:5)
  A white imp (Abyss:1)
  An orc (Elf:2)
  A quokka (Lair:4)
  A lurking horror (Abyss:1)
  An orc zombie (Orc:4)
  A plant (Shoals:1)
  2 starspawn tentacles (Abyss:1)
106 creatures vanquished.

Vanquished Creatures (others)
  A cacodemon (Abyss:1)
  A balrug (Shoals:5)
  3 green deaths
  2 blizzard demons
  A vault guard (D:14)
  A hydra (Lair:8)
  The ghost of nht the Cleaver, a powerful DsBe of Trog (D:9)
  A hill giant (D:10)
  A sea snake (Shoals:1)
  A lindwurm (Lair:8)
  A deep elf conjurer (Elf:1)
  An orc knight (Orc:4)
  A manticore (Shoals:5)
  2 griffons
  A faun (Shoals:1)
  9 elephants
  A siren (Lair:5)
  6 smoke demons
  10 drowned souls
  A torpor snail (Lair:8)
  5 orange demons
  A gargoyle (D:14)
  A spiny frog (Lair:8)
  2 hellwings (Shoals:1)
  A merfolk (D:10)
  4 trolls
  A flying skull (Abyss:1)
  2 redbacks (Elf:2)
  A basilisk (Lair:2)
  A water elemental (Shoals:3)
  4 humans
  3 ynoxinuls
  A wraith (D:11)
  2 hippogriffs
  2 deep elf fighters (Elf:1)
  9 yaks
  A vampire mosquito (D:14)
  A hungry ghost (D:14)
  2 neqoxecs
  A water moccasin (Lair:7)
  2 wolves
  A soldier ant (D:13)
  2 wargs
  4 orc warriors
  A boggart (Vaults:1)
  A centaur (D:9)
  A crocodile (Lair:8)
  A lost soul (Vaults:1)
  A giant frog (Lair:4)
  3 wights
  A killer bee (D:10)
  A crimson imp (D:14)
  A giant frog zombie (D:11)
  A hound (D:11)
  An orc priest (Orc:4)
  2 hell rats
  2 orc wizards (Orc:3)
  4 sheep
  A mummy (D:12)
  2 river rats (Lair:8)
  An adder (Lair:4)
  16 ufetubi
  A quokka (Lair:4)
  12 fungi
  16 plants
170 creatures vanquished.

Grand Total: 1534 creatures vanquished

Notes
Turn   | Place    | Note
--------------------------------------------------------------
     0 | D:1      | abixa, the Troll Monk, began the quest for the Orb.
     0 | D:1      | Reached XP level 1. HP: 22/22 MP: 1/1
   131 | D:1      | Reached XP level 2. HP: 29/29 MP: 1/1
   909 | D:2      | Reached skill level 5 in Unarmed Combat
   909 | D:2      | Reached XP level 3. HP: 27/36 MP: 2/2
  1223 | D:2      | Reached XP level 4. HP: 37/44 MP: 2/2
  1351 | D:2      | Found a basalt altar of Yredelemnul.
  1800 | D:3      | Reached skill level 6 in Unarmed Combat
  1893 | D:3      | Noticed Grinder
  2047 | D:3      | Noticed Robin
  2057 | D:3      | Noticed Terence
  2082 | D:2      | Killed Terence
  2082 | D:2      | Reached XP level 5. HP: 50/50 MP: 2/2
  2296 | D:3      | Found a sparkling altar of Nemelex Xobeh.
  2703 | D:3      | Killed Robin
  2709 | D:3      | Reached skill level 7 in Unarmed Combat
  2762 | D:3      | Paralysed by Grinder for 6 turns
  2787 | D:3      | Killed Grinder
  2787 | D:3      | Reached skill level 8 in Unarmed Combat
  2787 | D:3      | Reached XP level 6. HP: 21/59 MP: 3/3
  2859 | D:4      | Found a deep blue altar of Sif Muna.
  3068 | D:4      | Found a staircase to the Ecumenical Temple.
  3077 | Temple   | Entered the Ecumenical Temple
  3151 | D:4      | Noticed Edmund
  3185 | D:4      | Killed Edmund
  3185 | D:4      | Reached XP level 7. HP: 29/66 MP: 3/3
  3417 | D:4      | Found a glowing silver altar of Zin.
  3569 | D:4      | Reached skill level 9 in Unarmed Combat
  3619 | D:5      | Entered Level 5 of the Dungeon
  3667 | D:5      | Found Pluptimown's Antique Armour Shop.
  3861 | D:5      | Found a burning altar of Makhleb.
  3862 | D:5      | Found a blossoming altar of Fedhas.
  3870 | D:5      | Became a worshipper of Makhleb the Destroyer
  3870 | D:5      | Acquired Makhleb's first power
  3870 | D:5      | Acquired Makhleb's second power
  3924 | D:5      | Reached skill level 1 in Invocations
  4520 | D:5      | Reached XP level 8. HP: 74/74 MP: 8/8
  4764 | D:6      | Reached skill level 5 in Invocations
  4887 | D:6      | Acquired Makhleb's third power
  4951 | D:6      | Noticed a wraith
  4960 | D:6      | Killed a wraith
  5015 | D:6      | Noticed Natasha
  5018 | D:6      | Killed Natasha
  5052 | D:6      | Noticed Natasha
  5058 | D:6      | Killed Natasha
  5250 | D:6      | Noticed Natasha
  5253 | D:6      | Killed Natasha
  5880 | D:7      | Reached XP level 9. HP: 80/80 MP: 16/16
  5882 | D:7      | Found a sacrificial altar of Ru.
  5962 | D:7      | Acquired Makhleb's fourth power
  6987 | D:8      | Acquired Makhleb's fifth power
  7143 | D:8      | Got a shimmering dagger
  7300 | D:8      | Found a snail-covered altar of Cheibriados.
  7684 | D:9      | Noticed nht's ghost (powerful DsBe)
  7861 | D:9      | Found Dejydghe's Armour Shop.
  7977 | D:9      | Found an opulent altar of Gozag.
  8122 | D:9      | Reached XP level 10. HP: 75/92 MP: 18/20
  8452 | D:9      | Found a staircase to the Lair.
  8652 | D:10     | Entered Level 10 of the Dungeon
  8766 | Lair:1   | Entered Level 1 of the Lair of Beasts
  8854 | Lair:1   | Reached skill level 5 in Dodging
  8854 | Lair:1   | Reached skill level 10 in Invocations
  9009 | Lair:1   | Reached skill level 5 in Fighting
  9238 | Lair:1   | Noticed a black mamba
  9257 | Lair:1   | Killed a black mamba
  9413 | Lair:1   | Noticed an oklob plant
  9913 | Lair:2   | Identified the +10 dagger "Zahuasuc" {distort, rElec rN++} (You found it on level 8 of the Dungeon)
 10209 | Lair:2   | Reached skill level 11 in Invocations
 10219 | Lair:2   | Reached XP level 11. HP: 89/102 MP: 22/22
 10921 | Lair:3   | Noticed a six-headed hydra
 10932 | Lair:3   | Killed a six-headed hydra
 11153 | Lair:3   | Noticed Maud
 11437 | Lair:3   | Killed Maud
 11664 | Lair:3   | Reached skill level 12 in Invocations
 12251 | Lair:4   | Found a hole to the Spider Nest.
 12893 | D:10     | Found a staircase to the Orcish Mines.
 13033 | D:10     | Found Pluden's Assorted Antiques.
 13040 | D:10     | Bought a scroll of identify for 56 gold pieces
 13115 | D:10     | Noticed a hill giant
 13122 | D:10     | Banished a hill giant
 13516 | Orc:1    | Entered Level 1 of the Orcish Mines
 13586 | Orc:1    | Reached XP level 12. HP: 115/115 MP: 25/25
 13912 | Orc:2    | Found Ezoupao's Antique Armour Shop.
 13918 | Orc:2    | Bought a glowing cloak for 112 gold pieces
 14006 | Orc:1    | Noticed Joseph
 14011 | Orc:2    | Killed Joseph
 14399 | Orc:3    | Found a staircase to the Elven Halls.
 14440 | Orc:3    | Noticed Josephine
 14507 | D:9      | Bought the +8 ice dragon armour of Watchfulness {rF- rC++ Int-4 Dex+7} for 1310 gold pieces
 14755 | D:10     | Reached skill level 1 in Armour
 15028 | D:11     | Noticed Maurice
 15096 | D:11     | Killed Maurice
 15154 | D:11     | Noticed Harold
 15315 | Lair:4   | Noticed a four-headed hydra
 15440 | Lair:4   | Noticed Sigmund
 15442 | Lair:4   | Killed Sigmund
 15445 | Lair:4   | Noticed Ijyb
 15491 | Lair:4   | Killed Ijyb
 15613 | Lair:4   | Noticed a six-headed hydra
 15616 | Lair:4   | Killed a six-headed hydra
 15754 | Lair:4   | Killed a four-headed hydra
 15761 | Lair:4   | Reached skill level 5 in Armour
 16339 | Lair:5   | Got a scorched lajatang
 16390 | Lair:5   | Noticed Rupert
 16426 | Lair:5   | Paralysed by Rupert for 6 turns
 16437 | Lair:5   | Killed Rupert
 16831 | Lair:5   | Found a staircase to the Shoals.
 17373 | Lair:6   | Reached XP level 13. HP: 124/124 MP: 26/26
 17378 | Lair:6   | Noticed an eight-headed hydra
 17605 | Lair:6   | Killed an eight-headed hydra
 18203 | Lair:7   | Noticed Nergalle
 18252 | Lair:7   | Banished Nergalle
 18490 | Lair:7   | Reached skill level 10 in Armour
 18688 | Lair:7   | Found a viscous altar of Jiyva.
 18688 | Lair:7   | Found a staircase to the Slime Pits.
 19896 | Orc:3    | Noticed Fannar
 20455 | Orc:3    | Killed Fannar
 20497 | Orc:3    | Killed Josephine
 20519 | Orc:4    | Entered Level 4 of the Orcish Mines
 20765 | Orc:4    | Found Wiacwiabb's Book Shop.
 20825 | Orc:4    | Paralysed by an orc sorcerer for 7 turns
 20886 | Orc:4    | Found Schualach's Antique Weapon Emporium.
 21198 | Orc:4    | Noticed an orc warlord
 21245 | Orc:4    | Found a roughly hewn altar of Beogh.
 21467 | Orc:4    | Found Pnehykka's General Store.
 21559 | Orc:4    | Banished an orc warlord
 21659 | Orc:4    | Reached XP level 14. HP: 133/133 MP: 27/27
 21710 | Orc:4    | Found Treoxt's Antique Armour Boutique.
 22125 | D:9      | Banished nht's ghost
 22125 | D:9      | Reached skill level 13 in Invocations
 22546 | D:11     | Noticed Grum
 22647 | D:11     | Killed Grum
 23329 | D:11     | Killed Harold
 24979 | D:13     | Reached skill level 14 in Invocations
 25691 | Lair:8   | Entered Level 8 of the Lair of Beasts
 25748 | Lair:8   | Reached skill level 1 in Shields
 25950 | Lair:8   | Found a white marble altar of Elyvilon.
 26598 | Lair:8   | Reached skill level 5 in Shields
 27339 | Lair:8   | Found a radiant altar of Vehumet.
 27367 | Lair:8   | Reached XP level 15. HP: 143/143 MP: 29/29
 28869 | D:14     | Found a gate to the Vaults.
 29063 | Lair:2   | Identified a scroll of acquirement
 29410 | Shoals:1 | Entered Level 1 of the Shoals
 29413 | Shoals:1 | Found a basalt altar of Yredelemnul.
 29834 | Shoals:1 | Found a shattered altar of Ashenzari.
 30060 | Elf:1    | Entered Level 1 of the Elven Halls
 31339 | Elf:2    | Got a twisted blowgun
 31605 | Elf:2    | Found a huge runed gate.
 31605 | Elf:2    | Found a huge runed gate.
 31605 | Elf:2    | Found a huge runed gate.
 32049 | Lair:2   | Identified the +9 blowgun of Stuyzaem {speed, Str+4 Int+5} (You found it on level 2 of the Elven Halls)
 32049 | Lair:2   | Cast into the Abyss (a distortion unwield)
 32054 | Lair:2   | Escaped the Abyss
 32143 | Spider:1 | Entered Level 1 of the Spider Nest
 32522 | Shoals:1 | Reached skill level 10 in Unarmed Combat
 33195 | Shoals:2 | Noticed Nessos
 33210 | Shoals:2 | Killed Nessos
 33564 | Shoals:2 | Found Walal's General Store.
 33567 | Shoals:2 | Reached XP level 16. HP: 154/154 MP: 29/29
 33974 | Shoals:2 | Found a runed door.
 34449 | Shoals:3 | Noticed Donald
 34465 | Shoals:3 | Killed Donald
 34712 | Shoals:3 | Noticed Mara
 36376 | Shoals:3 | Noticed abixa's illusion
 36528 | Shoals:3 | Noticed abixa's illusion
 36683 | Shoals:3 | Noticed abixa's illusion
 36817 | Shoals:3 | Killed Mara
 38008 | Shoals:5 | Entered Level 5 of the Shoals
 38029 | Shoals:5 | Reached skill level 15 in Unarmed Combat
 38118 | Shoals:5 | Noticed Ilsuiw
 38369 | Shoals:5 | Killed Ilsuiw
 38369 | Shoals:5 | Reached XP level 17. HP: 62/161 MP: 30/30
 38810 | Shoals:5 | Reached skill level 16 in Unarmed Combat
 39005 | Shoals:5 | Got a barnacled rune of Zot
 40079 | Vaults:1 | Entered Level 1 of the Vaults
 40143 | Vaults:1 | Identified the Collected Works on the Entourage
 40849 | Vaults:1 | Reached skill level 15 in Invocations
 40863 | Vaults:1 | Cast into the Abyss (vault warden)
 40879 | Vaults:1 | Escaped the Abyss
 41296 | Vaults:1 | Reached skill level 10 in Fighting
 41311 | Vaults:1 | Cast into the Abyss (an ogre mage)
 41315 | Abyss:1  | Noticed a bone dragon
 41464 | Abyss:1  | Killed Nergalle
 41563 | Abyss:1  | Lost intelligence.
 41576 | Abyss:1  | Noticed a bone dragon
 41595 | Abyss:1  | Killed a bone dragon
 41664 | Abyss:1  | Reached skill level 17 in Unarmed Combat
 41868 | Abyss:1  | Lost intelligence.
 41879 | Abyss:1  | Reached XP level 18. HP: 75/140 MP: 22/22
 42010 | Abyss:1  | Lost intelligence.
 42030 | Abyss:1  | HP: 1/123 [white very ugly thing (7)]
 42031 | Abyss:1  | Mangled by a white very ugly thing

Action                   |  1- 3 |  4- 6 |  7- 9 | 10-12 | 13-15 | 16-18 || total
-------------------------+-------+-------+-------+-------+-------+-------++-------
Melee: Unarmed           |   125 |   178 |   428 |   146 |   208 |  1373 ||  2458
       Dagger            |       |       |     3 |   605 |  1970 |       ||  2578
 Fire: Hunting sling     |       |     2 |    31 |       |       |       ||    33
       Blowgun           |       |       |       |       |       |    16 ||    16
Throw: Stone             |       |    15 |       |       |       |       ||    15
       Javelin           |       |     2 |       |     4 |       |       ||     6
       Large rock        |       |       |       |       |       |    10 ||    10
Invok: Minor Destruction |       |       |    36 |   149 |   199 |    42 ||   426
       Major Destruction |       |       |       |    47 |    86 |    49 ||   182
       Lesser Servant of |       |       |       |     8 |    24 |    10 ||    42
       Greater Servant o |       |       |       |       |     2 |    14 ||    16
Evoke: Phial of floods   |       |       |       |       |       |     1 ||     1
  Use: Scroll            |       |       |    11 |     2 |    15 |     5 ||    33
       Potion            |       |       |       |     1 |     1 |     6 ||     8
 Stab: Sleeping          |       |       |     2 |     2 |       |       ||     4
       Distracted        |       |       |       |     4 |    16 |     6 ||    26
       Confused          |       |       |       |       |       |     1 ||     1
  Eat: Chunk             |    14 |    20 |    46 |    94 |   173 |    74 ||   421
       Meat ration       |       |       |       |     1 |       |       ||     1
       Fruit             |       |       |       |       |       |    13 ||    13
